cohdb
Replays
Latest Replays
All Replays
Popular Replays
Top Player Replays
Match Explorer
How It Works
Community
CoH3 Stats
Reddit
Sign in to upload your games and track your stats! →
Sign in with Steam
Match 45800806
Unlisted
Match 45800806
Overview
Messages
Build Orders
End
Kradschützen Motorcycle Team
Panzerpioneer Squad
Selects Panzerjäger Kommand Battlegroup
Selects Mine Fields
Panzerpioneer Squad
Kradschützen Motorcycle Team
Construct Light Support Kompanie
Panzerpioneer Squad
MG34 Team
Fire Support Elements
2.5-tonne Medical Truck
Selects Defensive Positions
Veteran Squad Leaders
Panzerjäger Mechanized Group
Vehicle Survival Package
Selects Tank Busters
Honey
khj
Zebra
스팀계정족같네
CoolBeans
我是只会框A的废物
화살소리
R4zgriz
0
0
Comments
sign in to comment!
No comments posted yet!